 Dungeon Crawl Stone Soup version 0.15-a0-2374-gaadabb3 (webtiles) character file.

131280 Qrupt the Thaumaturge (level 16, -1/118 HPs)
             Began as a Demonspawn Wizard on July 26, 2014.
             Was the Champion of Vehumet.
             Slain by an ettin
             ... wielding a +0 dire flail
              (16 damage)
             ... on Level 1 of the Depths on Aug 1, 2014.
             The game lasted 04:42:16 (54874 turns).

Qrupt the Thaumaturge (Demonspawn Wizard)          Turns: 54874, Time: 04:42:16

HP  -1/118       AC 13     Str  9      XL: 16   Next: 54%
MP   1/36        EV 16     Int 27      God: Vehumet [******]
Gold 2364        SH 17     Dex 17      Spells: 12 memorised,  1 level left

rFire  + . .     SeeInvis .     h - +4 long sword (freeze)
rCold  + + .     Clarity  .     w - +2 robe of Etoto {Dex+3 Int+4}
rNeg   . . .     rCorr    .     x - +2 shield of Resistance {rF+ rC+ MR+}
rPois  +         rRot     .     b - +2 hat
rElec  .         Spirit   .     n - +2 cloak
SustAb .         Warding  .     (gloves unavailable)
rMut   .         Stasis   .     (no boots)
Gourm  +                        P - amulet of the gourmand
MR     +++..                    f - ring of poison resistance
                                K - ring of protection from cold

@: very slightly contaminated, delayed fireball, repel missiles, extremely
resistant to hostile enchantments, unstealthy
A: claws 3, large bone plates 3, magic resistance 1, mutation resistance 1,
powered by pain 2, spiny 2
a: Renounce Religion, Release Delayed Fireball


You were on level 1 of the Depths.
You worshipped Vehumet.
Vehumet was exalted by your worship.
You were not hungry.

You visited 5 branches of the dungeon, and saw 30 of its levels.
You also visited: Volcano.

You collected 2803 gold pieces.
You spent 439 gold pieces at shops.

Inventory:

Hand weapons
 h - a +4 long sword of freezing (weapon)
 r - a +4 falchion of draining
 B - the +4 hand axe "Jiomajy" {venom, -Tele rF+ Str+4 Int+2 SInv}
   (You found it on level 11 of the Dungeon)

   It poisons the flesh of those it strikes.
   It affects your strength (+4).
   It affects your intelligence (+2).
   It protects you from fire.
   It enhances your eyesight.
   It prevents most forms of teleportation.
Armour
 a - a +2 robe of the Archmagi
 b - a +2 hat (worn)
 n - a +2 cloak (worn)
 w - the +2 robe of Etoto (worn) {Dex+3 Int+4}
   (You found it on level 14 of the Dungeon)

   It affects your intelligence (+4).
   It affects your dexterity (+3).
 x - the +2 shield of Resistance (worn) {rF+ rC+ MR+}
   (You found it on level 11 of the Dungeon)

   It protects you from fire.
   It protects you from cold.
   It affects your resistance to hostile enchantments.
Magical devices
 R - a wand of draining (4)
 V - a wand of digging (10)
 Z - a wand of disintegration (9)
Comestibles
 d - 12 bread rations
 j - 12 royal jellies
 I - 2 beef jerkies
 L - 13 fruits
 U - 4 meat rations
Scrolls
 c - 4 scrolls of identify
 o - a scroll of blinking
 q - 2 scrolls of magic mapping
 s - 6 scrolls of remove curse
 A - 2 scrolls of enchant armour
 E - 6 scrolls of fog
Jewellery
 f - a ring of poison resistance (right claw)
 m - an uncursed amulet of warding
 p - an uncursed ring of sustain abilities
 u - an uncursed ring of magical power
 z - an uncursed ring of protection from fire
 C - a +2 ring of slaying
 G - an uncursed ring of protection from cold
 K - a ring of protection from cold (left claw)
 O - an uncursed ring of teleportation
 P - an amulet of the gourmand (around neck)
 Q - an uncursed ring of teleport control
Potions
 e - 6 potions of brilliance
 g - 2 potions of heal wounds
 l - 2 potions of haste
 t - 2 potions of invisibility
 D - a potion of berserk rage
 F - 2 potions of might
 N - 3 potions of curing
 S - 2 potions of resistance
 X - a potion of agility
Magical staves
 H - an uncursed staff of conjuration
Miscellaneous
 i - a lamp of fire
 k - a sack of spiders
 J - a crystal ball of energy
Rods
 v - a +2 rod of striking (11/11)
   (You took it off a crimson imp on level 1 of the Depths)
 M - a +2 rod of shadows (9/9)
   (You found it on level 14 of the Dungeon)
 T - a +0 rod of destruction (14/14)
   (You found it on level 11 of the Dungeon)


   Skills:
 - Level 8.6 Fighting
 - Level 8.4 Long Blades
 - Level 6.1 Armour
 - Level 7.0 Dodging
 - Level 1.7 Stealth
 - Level 10.5 Shields
 + Level 12.9 Spellcasting
 + Level 11.4 Conjurations
 - Level 6.9 Charms
   Level 1.0 Summonings
 - Level 4.7 Translocations
 + Level 10.2 Fire Magic
 - Level 3.1 Air Magic
 - Level 4.7 Poison Magic


You had one spell level left.
You knew the following spells:

 Your Spells              Type           Power        Failure   Level  Hunger
a - Magic Dart            Conj           ####         1%          1    None
b - Blink                 Tloc           N/A          1%          2    None
c - Repel Missiles        Chrm/Air       #####.       1%          2    None
d - Conjure Flame         Conj/Fire      ######..     1%          3    None
e - Mephitic Cloud        Conj/Pois/Air  ######..     1%          3    None
f - Apportation           Tloc           #####.....   1%          1    None
g - Bolt of Fire          Conj/Fire      ######....   2%          6    #####..
h - Throw Icicle          Conj/Ice       #####...     1%          4    None
i - Fireball              Conj/Fire      ######....   1%          5    #......
j - Delayed Fireball      Conj/Fire      N/A          10%         7    ######.
k - Orb of Destruction    Conj           ######....   8%          7    ######.
l - Flight                Chrm/Air       #####.....   1%          3    None


Dungeon Overview and Level Annotations

Branches:
Dungeon (15/15) Temple (1/1) D:6 Orc (4/4) D:11 Elf (0/3) Orc:3 Lair (8/8) D:9 Shoals (0/5) Lair:6 Snake (0/5) Lair:3 Slime (0/6) Lair:6 Lair:7 Vaults (0/5) D:13 Depths (2/5) D:15

Altars:
Ashenzari
Cheibriados
Dithmenos
Elyvilon
Fedhas
Gozag
Kikubaaqudgha
Makhleb
Nemelex Xobeh
Okawaru
Qazlal
Sif Muna
Trog
Vehumet
Xom
Yredelemnul
Zin
The Shining One
Beogh
Jiyva

Shops:
D:10 (   D:14 *:   Orc:2 %*!   Orc:4 (

Portals:
Pandemonium: Depths:1
Ziggurat: Depths:1

Annotations:
D:9 exclusion: door
D:15 exclusion: silver statue
Orc:4 Saint Roka
Lair:2 exclusion: oklob plant


Innate Abilities, Weirdness & Mutations

You have claws for hands.
You are completely covered in large bone plates (AC +4, SH +4).
You sometimes gain power by taking damage.
You are mostly covered in sharp spines.
You are resistant to hostile enchantments.
You are somewhat resistant to further mutation.


Message History

The ettin is heavily wounded.
Casting: Bolt of Fire
Confirm with . or Enter, or press ? or * to list all spells.
Aiming: Bolt of Fire
Press: ? - help, Shift-Dir - straight line, f/p - ettin
Aim: an ettin, wielding two dire flails (heavily wounded)
You miscast Bolt of Fire.
Heat runs through your body.
Casting: Bolt of Fire
Confirm with . or Enter, or press ? or * to list all spells.
Aiming: Bolt of Fire
Press: ? - help, Shift-Dir - straight line, f/p - ettin
Aim: an ettin, wielding two dire flails (heavily wounded)
The bolt of fire hits the ettin.
The ettin is almost dead.
You block the ettin's attack. The ettin hits you with a dire flail.
* * * LOW HITPOINT WARNING * * *
You slash the ettin! You freeze the ettin.
The ettin is almost dead.
The ettin hits you with a dire flail!
You die...

#######
#....C#
########
#.###.#
##.......
#.# #..
......
#C#
#..###..#
# #@#
#....C..#
# #.#
##.###..#
#.. ...
#..# #
######.
#..# # #.
...# # #.
#..# #.
#2.# #.
#..# .
#..


You could see an ettin.

Vanquished Creatures
  An azure jelly (Lair:7)
  Rupert (Lair:6)
  A fire giant (Depths:1)
  2 deep elf sorcerers (D:11)
  An emperor scorpion (Depths:1)
  A frost giant (D:15)
  A balrug (Depths:1)
  A stone giant (Depths:1)
  5 vault guards (D:13)
  A minotaur (Depths:1)
  A blizzard demon (Depths:1)
  A yaktaur captain (Depths:2)
  A rakshasa (D:13)
  11 hydras
  Nessos (D:14)
  2 great orbs of eyes
  3 centaur warriors
  A deep troll shaman (Depths:1)
  4 death yaks
  Nergalle (D:10)
  2 sun demons (Depths:1)
  4 ice devils (Depths:1)
  A wizard (D:15)
  5 unseen horrors
  2 catoblepae
  5 skeletal warriors (D:14)
  A deep troll (Depths:1)
  8 hill giants
  5 griffons
  A salamander (shapeshifter) (Depths:1)
  A wolf spider zombie (D:14)
  6 orc sorcerers
  2 manticores (Lair:8)
  19 elephants
  3 cyclopes
  7 naga magi (D:11)
  4 black mambas
  A black mamba (shapeshifter) (D:15)
  24 spiny frogs
  3 gargoyles
  2 torpor snails
  An efreet (Volcano)
  2 smoke demons (Depths:1)
  8 komodo dragons
  6 yaktaurs
  An elf (shapeshifter) (D:13)
  4 trolls
  8 fire drakes
  7 polar bears
  2 freezing wraiths
  A tengu conjurer (D:13)
  2 two-headed ogres
  16 blink frogs
  5 slime creatures (D:15)
  7 deep elf magi
  5 basilisks
  The ghost of Gekot the Magician, an average DEFE (D:4)
  A spriggan (shapeshifter) (Depths:1)
  A wraith (D:14)
  9 hogs (Lair:8)
  2 shadows
  A fire elemental (Volcano)
  55 yaks
  41 ugly things
  A hungry ghost (D:7)
  A water elemental (D:14)
  A deep elf fighter (D:13)
  10 hippogriffs
  3 steam dragons
  8 vampire mosquitoes
  31 wolves
  11 wargs
  2 soldier ants
  An ogre zombie (D:12)
  A mottled dragon (D:12)
  12 porcupines
  17 water moccasins
  4 hell hounds (Lair:8)
  7 black bears
  8 sky beasts
  3 yellow wasps
  A necrophage (D:15)
  11 ogres
  11 centaurs
  23 orc warriors
  5 phantoms
  2 boring beetles
  A manticore skeleton (D:14)
  Sigmund (D:7)
  Duvessa (D:6)
  11 crocodiles
  19 giant frogs
  A big kobold (D:14)
  An eye of draining (D:12)
  2 cyclops skeletons (D:15)
  A komodo dragon skeleton (D:15)
  A scorpion (D:8)
  13 killer bees
  A troll skeleton (D:9)
  3 goliath beetles
  A wight (D:12)
  2 jellies
  17 crimson imps
  Dowan (D:6)
  2 elf zombies
  A giant frog zombie (D:9)
  3 gnoll shamans
  12 orc priests
  34 hounds
  2 quasits
  7 iguanas
  33 orc wizards
  3 centaur skeletons
  12 worker ants
  A kobold skeleton (D:12)
  An elf skeleton (D:11)
  11 orange rats
  18 sheep
  A sky beast zombie (D:7)
  Terence (D:3)
  2 mummies
  3 orc zombies
  32 adders
  69 green rats
  50 gnolls
  3 shadow imps
  2 inept feature mimics
  6 white imps (Depths:1)
  2 giant mites
  2 worms (D:2)
  2 orc skeletons
  6 giant geckos
  4 oozes
  148 orcs
  17 bats
  A bat skeleton (D:4)
  3 giant cockroaches
  20 hobgoblins
  2 ball pythons
  7 giant newts
  2 giant spores (D:11)
  22 goblins
  2 goblin skeletons (D:4)
  33 jackals
  21 kobolds
  16 quokkas
  18 rats
  2 spectral orcs (D:10)
  3 ballistomycetes (D:11)
  A bush (Lair:7)
  5 fungi
  A plant (Lair:8)
1233 creatures vanquished.

Vanquished Creatures (collateral kills)
  2 killer bees (D:7)
  6 green rats (Lair:3)
8 creatures vanquished.

Vanquished Creatures (others)
  A deep elf mage (D:12)
  A hound (Lair:3)
  A worker ant (D:12)
  An adder (D:12)
  An orc (Orc:4)
  14 fungi
  9 plants
28 creatures vanquished.

Grand Total: 1269 creatures vanquished

Notes
Turn   | Place    | Note
--------------------------------------------------------------
     0 | D:1      | Qrupt, the Demonspawn Wizard, began the quest for the Orb.
     0 | D:1      | Reached XP level 1. HP: 13/13 MP: 4/4
   383 | D:1      | Gained mutation: You are partially covered in sharp spines. [demonic ancestry]
   383 | D:1      | Reached XP level 2. HP: 11/19 MP: 0/6
   911 | D:2      | Found a shimmering altar of Xom.
  1331 | D:2      | Reached XP level 3. HP: 24/24 MP: 6/8
  2372 | D:2      | Reached XP level 4. HP: 30/30 MP: 5/10
  2818 | D:3      | Reached skill level 4 in Spellcasting
  2962 | D:3      | Found a white marble altar of Elyvilon.
  2993 | D:3      | Found a basalt altar of Yredelemnul.
  2998 | D:3      | Found a bloodstained altar of Trog.
  3064 | D:3      | Noticed Terence
  3068 | D:3      | Gained mutation: You are resistant to hostile enchantments. [potion of beneficial mutation]
  3072 | D:3      | Learned a level 2 spell: Blink
  3075 | D:3      | Learned a level 2 spell: Repel Missiles
  3079 | D:3      | Learned a level 3 spell: Conjure Flame
  3151 | D:3      | Killed Terence
  3535 | D:3      | Gained mutation: You are partially covered in large bone plates (AC +2, SH +2). [demonic ancestry]
  3535 | D:3      | Reached XP level 5. HP: 32/35 MP: 3/13
  4157 | D:4      | Noticed Gekot's ghost (average DEFE)
  4182 | D:5      | Entered Level 5 of the Dungeon
  4327 | D:4      | Killed Gekot's ghost
  4327 | D:4      | Reached skill level 5 in Spellcasting
  4327 | D:4      | Gained mutation: You have sharp fingernails. [demonic ancestry]
  4327 | D:4      | Reached XP level 6. HP: 17/41 MP: 1/17
  4868 | D:4      | Found a shadowy altar of Dithmenos.
  4917 | D:4      | Reached skill level 1 in Charms
  5331 | D:4      | Gained mutation: You are mostly covered in large bone plates (AC +3, SH +3). [demonic ancestry]
  5331 | D:4      | Reached XP level 7. HP: 46/46 MP: 2/18
  5618 | D:4      | Learned a level 3 spell: Mephitic Cloud
  6151 | D:4      | Reached skill level 1 in Translocations
  6592 | D:4      | Found a burning altar of Makhleb.
  6778 | D:4      | Noticed an ogre
  6791 | D:4      | Killed an ogre
  6822 | D:4      | Gained mutation: You are completely covered in large bone plates (AC +4, SH +4). [demonic ancestry]
  6822 | D:4      | Reached XP level 8. HP: 40/52 MP: 7/20
  7680 | D:5      | Reached skill level 1 in Air Magic
  7970 | D:5      | Noticed a phantom
  7982 | D:5      | Killed a phantom
  8150 | D:5      | Reached skill level 1 in Poison Magic
  8829 | D:6      | Noticed Duvessa
  8832 | D:6      | Noticed Dowan
  8911 | D:6      | Found a staircase to the Ecumenical Temple.
  8922 | Temple   | Entered the Ecumenical Temple
  9064 | Temple   | Became a worshipper of Vehumet
  9216 | D:6      | Found a blossoming altar of Fedhas.
  9216 | D:6      | Found an ancient bone altar of Kikubaaqudgha.
  9435 | D:6      | Killed Dowan
 10151 | D:6      | Killed Duvessa
 10182 | D:7      | Gained mutation: You sometimes gain a little power by taking damage. [demonic ancestry]
 10182 | D:7      | Reached XP level 9. HP: 53/57 MP: 7/21
 10355 | D:7      | Reached skill level 1 in Fighting
 10514 | D:7      | Acquired Vehumet's first power
 10514 | D:7      | Offered knowledge of Flame Tongue by Vehumet.
 10677 | D:7      | Noticed Sigmund
 10698 | D:7      | Killed Sigmund
 11165 | D:7      | Reached skill level 5 in Fighting
 11389 | D:7      | Found an iron altar of Okawaru.
 11469 | D:7      | Reached skill level 6 in Fighting
 12040 | D:8      | Offered knowledge of Sandblast by Vehumet.
 12080 | D:9      | Reached skill level 7 in Fighting
 12257 | D:8      | Noticed a cyclops
 12292 | D:8      | Killed a cyclops
 12292 | D:8      | Reached skill level 8 in Fighting
 12302 | D:8      | Reached XP level 10. HP: 32/80 MP: 10/23
 12878 | D:9      | Learned a level 1 spell: Apportation
 12937 | D:9      | Found a staircase to the Lair.
 12937 | D:9      | Noticed an elephant
 13084 | D:9      | Learned a level 5 spell: Force Lance
 13256 | D:9      | Found a shadowy altar of Dithmenos.
 13554 | D:9      | Found an opulent altar of Gozag.
 13555 | D:9      | Found a sparkling altar of Nemelex Xobeh.
 13814 | D:9      | Reached skill level 5 in Charms
 14213 | D:9      | Offered knowledge of Searing Ray by Vehumet.
 14259 | D:9      | Noticed a death yak
 14280 | D:9      | Killed a death yak
 14615 | D:9      | Got a pair of pitted gloves
 14632 | D:9      | Identified the +0 pair of gloves of Card Tricks {Dex+1} (You found it on level 9 of the Dungeon)
 14826 | D:9      | Noticed a five-headed hydra
 14833 | D:9      | Killed a five-headed hydra
 15277 | D:9      | Acquired Vehumet's second power
 15416 | D:9      | Killed an elephant
 15591 | Lair:1   | Entered Level 1 of the Lair of Beasts
 15768 | Lair:1   | Reached skill level 9 in Conjurations
 15768 | Lair:1   | Reached XP level 11. HP: 87/87 MP: 6/24
 16877 | Lair:1   | Offered knowledge of Throw Icicle by Vehumet.
 16883 | Lair:1   | Learned a level 4 spell: Throw Icicle
 16920 | Lair:1   | Noticed a four-headed hydra
 16929 | Lair:1   | Killed a four-headed hydra
 16929 | Lair:1   | Reached skill level 5 in Dodging
 18871 | Lair:2   | Acquired Vehumet's third power
 19054 | Lair:2   | Offered knowledge of Fireball by Vehumet.
 19913 | Lair:2   | Found a blossoming altar of Fedhas.
 20762 | Lair:3   | Noticed a death yak
 20778 | Lair:3   | Noticed a death yak
 20780 | Lair:3   | Noticed a death yak
 20780 | Lair:3   | Killed a death yak
 20780 | Lair:3   | Gained mutation: You sometimes gain power by taking damage. [demonic ancestry]
 20780 | Lair:3   | Reached XP level 12. HP: 75/94 MP: 11/28
 20952 | Lair:3   | Learned a level 5 spell: Fireball
 21040 | Lair:3   | Reached skill level 1 in Long Blades
 21353 | Lair:3   | Found a staircase to the Snake Pit.
 21372 | Lair:3   | Noticed an eight-headed hydra
 21387 | Lair:3   | Killed an eight-headed hydra
 21972 | Lair:3   | Killed a death yak
 21977 | Lair:3   | Killed a death yak
 21977 | Lair:3   | Reached skill level 5 in Long Blades
 23286 | Lair:4   | Offered knowledge of Delayed Fireball by Vehumet.
 25299 | Lair:6   | Gained mutation: You are mostly covered in sharp spines. [demonic ancestry]
 25299 | Lair:6   | Reached XP level 13. HP: 99/99 MP: 9/30
 25410 | Lair:6   | Noticed Rupert
 25433 | Lair:6   | Killed Rupert
 25588 | Lair:6   | Found a staircase to the Shoals.
 26040 | Lair:6   | Found a staircase to the Slime Pits.
 26356 | Lair:6   | Reached skill level 10 in Spellcasting
 27789 | Lair:7   | Reached skill level 11 in Spellcasting
 28452 | Lair:7   | Noticed an azure jelly
 28776 | Lair:7   | Learned a level 7 spell: Delayed Fireball
 28837 | Lair:5   | Reached skill level 1 in Fire Magic
 29081 | D:10     | Entered Level 10 of the Dungeon
 29095 | D:10     | Found Meafijaj's Antique Weapon Boutique.
 29196 | D:10     | Noticed Nergalle
 29264 | D:10     | Killed Nergalle
 30651 | D:11     | Reached skill level 5 in Fire Magic
 30869 | D:11     | Identified the Compendium of Curses
 30882 | D:11     | Found a deep blue altar of Sif Muna.
 30893 | D:11     | Noticed a deep elf sorcerer
 30898 | D:11     | Killed a deep elf sorcerer
 31426 | D:11     | Identified the Almanac of Bewitching Flames
 31451 | D:11     | Got a crystal hand axe
 31463 | D:11     | Identified the +4 hand axe "Jiomajy" {venom, -Tele rF+ Str+4 Int+2 SInv} (You found it on level 11 of the Dungeon)
 31497 | D:11     | Noticed a deep elf sorcerer
 31499 | D:11     | Reached skill level 1 in Shields
 31650 | D:11     | Gained mutation: You have very sharp fingernails. [demonic ancestry]
 31650 | D:11     | Reached XP level 14. HP: 81/106 MP: 24/33
 31985 | D:10     | Upgraded the game from 0.15-a0-2246-gfd41422 to 0.15-a0-2265-gb33f7a6
 32654 | D:11     | Found a staircase to the Orcish Mines.
 32711 | Orc:1    | Entered Level 1 of the Orcish Mines
 32779 | Orc:1    | Offered knowledge of Olgreb's Toxic Radiance by Vehumet.
 32982 | Orc:2    | Found Ypinant's Antique Weapon Boutique.
 33048 | Orc:2    | Ypinant's Antique Weapon Boutique was a mimic.
 33066 | Orc:2    | Found Noloma's Food Shoppe.
 33102 | Orc:2    | Found Smuylunonk's Assorted Antiques.
 33142 | Orc:2    | Found Safar's Distillery.
 34765 | Orc:3    | Found a staircase to the Elven Halls.
 34982 | Orc:4    | Entered Level 4 of the Orcish Mines
 35521 | Orc:4    | Found a roughly hewn altar of Beogh.
 35521 | Orc:4    | Found Violiecidar's Antique Weapon Emporium.
 35883 | Orc:4    | Found a roughly hewn altar of Beogh.
 35958 | Orc:4    | Offered knowledge of Bolt of Draining by Vehumet.
 36068 | Orc:4    | Reached skill level 5 in Shields
 36771 | Orc:4    | Noticed Saint Roka
 37309 | Lair:8   | Entered Level 8 of the Lair of Beasts
 37519 | Lair:8   | Gained mutation: You have a slow metabolism. [potion of beneficial mutation]
 37817 | Lair:8   | Found a dark tunnel.
 37838 | Volcano  | Entered a volcano
 39389 | Lair:8   | Offered knowledge of Conjure Ball Lightning by Vehumet.
 41164 | Lair:7   | Found a staircase to the Slime Pits.
 41170 | Lair:7   | Found a viscous altar of Jiyva.
 41472 | Lair:7   | Gained mutation: You have claws for hands. [demonic ancestry]
 41472 | Lair:7   | Reached XP level 15. HP: 105/112 MP: 34/34
 41524 | Lair:7   | Reached skill level 10 in Shields
 42105 | Lair:7   | Killed an azure jelly
 42648 | Orc:2    | Bought a potion of beneficial mutation for 385 gold pieces
 42649 | Orc:2    | Gained mutation: You are somewhat resistant to further mutation. [potion of beneficial mutation]
 42893 | D:11     | Offered knowledge of Orb of Destruction by Vehumet.
 42902 | D:11     | Learned a level 7 spell: Orb of Destruction
 43205 | D:11     | Killed a deep elf sorcerer
 43205 | D:11     | Reached skill level 1 in Armour
 43336 | D:11     | Identified the Disquisition on Dark Talismans (You found it on level 11 of the Dungeon)
 43337 | D:11     | Identified a +0 rod of destruction (14/14) (You found it on level 11 of the Dungeon)
 43340 | D:11     | Identified the Volume of Displaced Creation (You found it on level 11 of the Dungeon)
 43360 | D:11     | Identified the Papyrus of Execration (You found it on level 11 of the Dungeon)
 45494 | D:12     | Reached skill level 5 in Armour
 46488 | D:13     | Offered knowledge of Iron Shot by Vehumet.
 47345 | D:13     | Learned a level 6 spell: Bolt of Fire
 47750 | D:13     | Found a gate to the Vaults.
 48603 | D:14     | Found Prootwi's Assorted Antiques.
 48612 | D:14     | Bought a scroll labeled GRIUCKU TUUX for 27 gold pieces
 48612 | D:14     | Bought a scroll labeled ZYSUBECLOL for 27 gold pieces
 48658 | D:14     | Noticed Nessos
 48915 | D:14     | Killed Nessos
 49096 | D:14     | Found Ycvi's Book Shop.
 49103 | D:14     | Got a distressingly furry robe
 49115 | D:14     | Identified the +2 robe of Etoto {Dex+3 Int+4} (You found it on level 14 of the Dungeon)
 49474 | D:14     | Reached skill level 12 in Spellcasting
 49762 | D:14     | Reached skill level 10 in Conjurations
 49846 | D:14     | Offered knowledge of Poisonous Cloud by Vehumet.
 50275 | D:15     | Entered Level 15 of the Dungeon
 50699 | D:15     | Reached XP level 16. HP: 103/118 MP: 35/35
 51846 | D:15     | Learned a level 3 spell: Flight
 51860 | D:15     | Found a staircase to the Depths.
 52373 | D:15     | Upgraded the game from 0.15-a0-2265-gb33f7a6 to 0.15-a0-2374-gaadabb3
 52503 | Depths:1 | Entered Level 1 of the Depths
 52739 | Depths:1 | Found a gateway to a ziggurat.
 52803 | Depths:1 | Noticed a titan
 53826 | Depths:1 | Found a one-way gate leading to the halls of Pandemonium.
 53839 | Depths:1 | Reached skill level 10 in Fire Magic
 53910 | Depths:1 | Noticed a lich
 54149 | Depths:2 | Identified a +2 rod of striking (11/11) (You took it off a crimson imp on level 1 of the Depths)
 54150 | Depths:2 | Identified a +2 rod of shadows (9/9) (You found it on level 14 of the Dungeon)
 54659 | Depths:1 | HP: 1/118 [titan/the air (29)]
 54874 | Depths:1 | Slain by an ettin

Action                   |  1- 3 |  4- 6 |  7- 9 | 10-12 | 13-15 | 16-18 || total
-------------------------+-------+-------+-------+-------+-------+-------++-------
Melee: Club              |    21 |     1 |       |       |       |       ||    22
       Unarmed           |     5 |       |       |       |       |       ||     5
       Falchion          |       |    23 |    34 |   353 |  1830 |       ||  2240
       Hand axe          |       |       |       |       |    24 |     1 ||    25
       Long sword        |       |       |       |       |   368 |   280 ||   648
       Rod               |       |       |       |       |     6 |       ||     6
 Cast: Magic Dart        |   103 |   197 |   685 |   684 |   494 |    16 ||  2179
       Conjure Flame     |       |     2 |     6 |    82 |   135 |    15 ||   240
       Mephitic Cloud    |       |       |    19 |    17 |    24 |       ||    60
       Blink             |       |       |     3 |    17 |    22 |     4 ||    46
       Repel Missiles    |       |       |     1 |       |     2 |       ||     3
       Force Lance       |       |       |       |    14 |       |       ||    14
       Throw Icicle      |       |       |       |   104 |   220 |    19 ||   343
       Fireball          |       |       |       |       |   113 |    32 ||   145
       Bolt of Fire      |       |       |       |       |     5 |    52 ||    57
       Orb of Destructio |       |       |       |       |       |     6 ||     6
       Flight            |       |       |       |       |       |     2 ||     2
       Delayed Fireball  |       |       |       |       |       |     1 ||     1
Evoke: Wand              |       |       |       |     6 |     2 |     2 ||    10
  Use: Scroll            |     2 |     9 |     4 |    15 |    25 |     5 ||    60
       Potion            |       |     5 |       |     4 |    13 |     1 ||    23
 Stab: Sleeping          |       |       |       |     1 |     3 |       ||     4
       Invisible         |       |       |       |     1 |       |       ||     1
       Confused          |       |       |       |     5 |     9 |       ||    14
       Distracted        |       |       |       |       |     1 |       ||     1
  Eat: Chunk             |     4 |     8 |    12 |    51 |    76 |    20 ||   171
       Pizza             |       |     1 |     1 |       |     2 |       ||     4
       Beef jerky        |       |       |     2 |       |     1 |       ||     3
       Bread ration      |       |       |     2 |       |       |       ||     2
       Fruit             |       |       |       |    10 |     6 |     3 ||    19
